 Dungeon Crawl Stone Soup version 0.20.0-15-g7f486f2 (webtiles) character file.

1414 Inus the Caller (level 8, 0/52 HPs)
             Began as a Mummy Summoner on July 1, 2017.
             Was a Follower of Sif Muna.
             Slain by an orc wizard
             ... wielding a cursed -3 dagger
              (1 damage)
             ... on level 7 of the Dungeon.
             The game lasted 00:24:01 (7920 turns).

Inus the Caller (Mummy Summoner)                    Turns: 7920, Time: 00:24:02

Health: 0/52       AC:  4    Str: 16    XL:     8   Next: 43%
Magic:  2/12       EV: 14    Int: 16    God:    Sif Muna [*.....]
Gold:   577        SH:  0    Dex: 20    Spells: 3/13 levels left

rFire    . . .     SeeInvis .   i - +4 trident (freeze)
rCold    + . .     Gourm    .   (no shield)
rNeg     + + +     Faith    .   f - +0 leather armour {rF+}
rPois    ∞         Spirit   .   e - +1 hat
rElec    .         Reflect  .   (no cloak)
rCorr    .         Harm     .   (no gloves)
MR       +....                  (no boots)
Stlth    ++........             (no amulet)
Regen    0.2/turn               q - ring of Calits {Str+4 Dex+2}
MPRegen  0.2/turn               h - +6 ring of dexterity

@: no status effects
A: no food or potions, fire vulnerability, cold resistance 1, negative energy
resistance 3, torment resistance, unbreathing
a: Divine Energy, Renounce Religion


You were on level 7 of the Dungeon.
You worshipped Sif Muna.
Sif Muna was aware of your devotion.
You were not hungry.

You visited 1 branch of the dungeon, and saw 7 of its levels.

You collected 577 gold pieces.

Inventory:

Hand Weapons
 i - a +4 trident of freezing (weapon)
 p - a +0 shortbow
Missiles
 n - 9 tomahawks (quivered)
 o - 25 arrows
Armour
 a - a +0 robe
 e - a +1 hat (worn)
 f - a +0 leather armour of fire resistance (worn)
Magical Staves
 c - an uncursed staff of energy
Jewellery
 h - a +6 ring of dexterity (right hand)
 j - an uncursed ring of protection from fire
 q - the ring of Calits (left hand) {Str+4 Dex+2}
   (You found it on level 5 of the Dungeon)

   [ring of strength]

   It affects your strength (+4).
   It affects your dexterity (+2).
Wands
 m - a wand of scattershot (4/9)
Scrolls
 d - 2 scrolls of fog
 g - a scroll of identify
 k - a scroll of enchant weapon
Books
 b - a book of Callings

   Spells                             Type                      Level
   a - Summon Small Mammal            Summoning                    1
   b - Call Imp                       Summoning                    2
   c - Call Canine Familiar           Summoning                    3
   d - Summon Guardian Golem          Hexes/Summoning              3
   e - Summon Lightning Spire         Summoning/Air                4
   f - Summon Ice Beast               Ice/Summoning                4
 l - a book of Misfortune

   Spells                             Type                      Level
   a - Confusing Touch                Hexes                        1
   b - Confuse                        Hexes                        3
   c - Gell's Gravitas                Translocation                3
   d - Petrify                        Transmutation/Earth          4
   e - Metabolic Englaciation         Hexes/Ice                    5
   f - Yara's Violent Unravelling     Hexes/Transmutation          5


   Skills:
 - Level 5.0 Armour
 + Level 3.9 Dodging
 - Level 1.5 Stealth
 - Level 3.1 Spellcasting
 - Level 6.8 Summonings


You had 3 spell levels left.
You knew the following spells:

 Your Spells              Type           Power        Failure   Level  Hunger
a - Summon Small Mammal   Summ           ###.         1%          1    N/A
b - Call Imp              Summ           ###.....     1%          2    N/A
c - Call Canine Familiar  Summ           ###.....     4%          3    N/A
d - Summon Ice Beast      Ice/Summ       ##......     47%         4    N/A

Dungeon Overview and Level Annotations

Branches:
Dungeon (7/15)             Temple (0/1) D:6

Altars:
Nemelex Xobeh
Ru
Sif Muna
Zin
The Shining One

Shops:
D:7 !


Innate Abilities, Weirdness & Mutations

You do not eat or drink.
Your flesh is vulnerable to fire.
You are immune to poison.
Your flesh is cold resistant. (rC+)
You are immune to negative energy. (rN+++)
You are immune to unholy pain and torment.
You can survive without breathing.


Message History

The orc wizard points at you and mumbles some strange words.
The magic dart hits you!
* * * LOW HITPOINT WARNING * * *
Evoke which item? (* to show all) (? for menu, Esc to quit)
Okay, then.
Your hound barely misses the orc wizard.
Your hound bites the orc wizard but does no damage.
Your hound closely misses the orc wizard.
You barely miss the orc wizard.
The orc wizard is heavily wounded.
The orc wizard barely misses you.
Your hound barely misses the orc wizard.
The orc wizard hits you with a dagger.
* * * LOW HITPOINT WARNING * * *
Your shadow imp hits the orc wizard.
You barely miss the orc wizard.
The orc wizard is heavily wounded.
Your hound bites the orc wizard but does no damage.
The orc wizard hits you with a dagger.
You die...

#+#######..
#..........
#..........
#>.<...# '###
#......##...##
#...†........#
#............#
#...5†.......#
#.@oh.......##
#...........##
#...5..†.....#
#...∩$.......#
#............#
#............#
#...........##
#...........#
#.............


You could see an orc wizard, a friendly hound, a friendly crimson imp and a
friendly shadow imp.

Vanquished Creatures
  Sigmund (D:5)
  A centaur (D:5)
  A bullfrog (D:4)
  A wyvern zombie (D:6)
  3 howler monkeys
  A bullfrog skeleton (D:4)
  2 worker ants
  A killer bee zombie (D:6)
  A worker ant zombie (D:7)
  An ooze (D:3)
  2 adder skeletons
  A dart slug (D:2)
  2 leopard geckos
  6 orcs
  2 ball pythons
  2 goblins (D:2)
  A jackal (D:1)
  A kobold (D:1)
  2 bats
  A jackal zombie (D:6)
  3 rats
36 creatures vanquished.

Vanquished Creatures (collateral kills)
  The ghost of renl the Chopper, an amateur HOMo (D:4)
  Menkaure (D:4)
  Duvessa (D:4)
  An ice beast (D:6)
  An orc warrior (D:7)
  A black bear (D:7)
  3 ogres
  A phantom (D:4)
  Blork the orc (D:4)
  3 scorpions (D:4)
  Dowan (D:4)
  A crimson imp (D:3)
  Jessica (D:2)
  An iguana (D:5)
  5 orc wizards
  3 worker ants (D:4)
  2 hound skeletons (D:4)
  A gnoll (D:4)
  5 adders
  An ooze (D:1)
  2 worms
  A dart slug (D:1)
  A leopard gecko (D:4)
  6 orcs
  2 ball pythons (D:1)
  A giant cockroach (D:1)
  3 goblins (D:1)
  7 hobgoblins
  5 jackals (D:1)
  4 kobolds
  4 quokkas
  4 bats (D:1)
  7 frilled lizards
  A leopard gecko skeleton (D:4)
  A quokka skeleton (D:4)
  2 rats (D:1)
86 creatures vanquished.

Grand Total: 122 creatures vanquished

Notes
Turn   | Place    | Note
-------+----------+-------------------------------------------
     0 | D:1      | Inus the Mummy Summoner began the quest for the Orb.
     0 | D:1      | Reached XP level 1. HP: 13/13 MP: 4/4
   511 | D:1      | Reached XP level 2. HP: 5/19 MP: 1/6
  1178 | D:1      | Learned a level 2 spell: Call Imp
  1858 | D:2      | Reached XP level 3. HP: 16/24 MP: 2/7
  2007 | D:2      | Reached skill level 4 in Summonings
  2209 | D:2      | Noticed Jessica
  2213 | D:2      | Killed Jessica
  2571 | D:2      | Found a sparkling altar of Nemelex Xobeh.
  2572 | D:2      | Found a glowing golden altar of the Shining One.
  2612 | D:2      | Learned a level 3 spell: Call Canine Familiar
  3007 | D:3      | Reached XP level 4. HP: 23/30 MP: 4/8
  3559 | D:4      | Found a deep blue altar of Sif Muna.
  3570 | D:4      | Became a worshipper of Sif Muna the Loreminder
  3574 | D:4      | Found a glowing silver altar of Zin.
  3754 | D:4      | Reached skill level 5 in Summonings
  3779 | D:4      | Reached XP level 5. HP: 35/35 MP: 1/9
  4107 | D:4      | Noticed Dowan
  4116 | D:4      | Killed Dowan
  4118 | D:4      | Noticed Duvessa
  4140 | D:4      | Noticed Blork the orc
  4285 | D:4      | Killed Duvessa
  4285 | D:4      | Reached skill level 6 in Summonings
  4285 | D:4      | Reached XP level 6. HP: 21/41 MP: 1/10
  4467 | D:4      | Killed Blork the orc
  4650 | D:4      | Reached * piety under Sif Muna
  4920 | D:4      | Learned a level 4 spell: Summon Ice Beast
  5161 | D:4      | Noticed Menkaure
  5171 | D:4      | Killed Menkaure
  5171 | D:4      | Reached skill level 1 in Armour
  5171 | D:4      | Reached XP level 7. HP: 46/46 MP: 4/11
  5193 | D:4      | Noticed renl's ghost (amateur HOMo)
  5218 | D:4      | Killed renl's ghost
  5573 | D:5      | Entered Level 5 of the Dungeon
  6186 | D:5      | Noticed Sigmund
  6213 | D:5      | Killed Sigmund
  6371 | D:5      | Got a vibrating glass ring
  6374 | D:5      | Identified the ring of Calits {Str+4 Dex+2} (You found it on level 5 of the Dungeon)
  6763 | D:6      | Reached XP level 8. HP: 49/52 MP: 8/12
  6991 | D:6      | Found a sacrificial altar of Ru.
  7067 | D:6      | Reached skill level 5 in Armour
  7083 | D:6      | Found a staircase to the Ecumenical Temple.
  7861 | D:7      | Found Kiasoar's Distillery.
  7916 | D:7      | HP: 2/52 [orc wizard/magic dart (8)]
  7920 | D:7      | Slain by an orc wizard

Skill      XL: |  1  2  3  4  5  6  7  8 |
---------------+-------------------------+-----
Spellcasting   | 3 |  3.1
Summonings     | 4 5 6 |  6.8
Armour         | 1 4 5 |  5.0
Dodging        | 3 |  3.9
Stealth        | |  1.5

Action                   |  1- 3 |  4- 6 |  7- 9 || total
-------------------------+-------+-------+-------++-------
Melee: Unarmed           |    20 |       |       ||    20
       Hand axe          |    41 |       |       ||    41
       Spear             |    18 |     8 |       ||    26
       Trident           |       |    36 |    81 ||   117
 Cast: Summon Small Mamm |    32 |     2 |     1 ||    35
       Call Imp          |    28 |    35 |    34 ||    97
       Call Canine Famil |       |    13 |    18 ||    31
Evoke: Wand              |       |       |     1 ||     1
  Use: Scroll            |     6 |     2 |     7 ||    15
 Stab: Sleeping          |       |     2 |     1 ||     3
       Distracted        |       |       |     2 ||     2
Armor: Robe              |    17 |     7 |       ||    24
       Leather armour    |       |     1 |    14 ||    15
Dodge: Dodged            |    85 |    27 |    33 ||   145
